 Dungeon Crawl Stone Soup version 0.21.1 (webtiles) character file.

347 pk666 the Skirmisher (level 6, -7/58 HPs)
             Began as a Minotaur Berserker on Feb 4, 2018.
             Was a Priest of Trog.
             Killed from afar by Dowan (13 damage)
             ... with a stone arrow
             ... on level 4 of the Dungeon.
             The game lasted 00:05:10 (2849 turns).

pk666 the Skirmisher (Minotaur Berserker)           Turns: 2849, Time: 00:05:11

Health: -7/58      AC:  2    Str: 24    XL:     6   Next: 32%
Magic:  5/5        EV: 12    Int:  4    God:    Trog [***...]
Gold:   122        SH:  0    Dex:  9    Spells: 5/5 levels left

rFire    . . .     SeeInvis .   j - +0 war axe
rCold    . . .     Gourm    .   (no shield)
rNeg     . . .     Faith    .   b - +0 animal skin
rPois    .         Spirit   .   (helmet restricted)
rElec    .         Reflect  .   (no cloak)
rCorr    .         Harm     .   (no gloves)
MR       .....                  (no boots)
Stlth    +.........             (no amulet)
HPRegen  0.19/turn              (no ring)
MPRegen  0.09/turn              (no ring)

@: lethally poisoned (-7 -> -11), berserk cooldown, slowed, very slow
A: retaliatory headbutt, horns 2
a: Berserk, Trog's Hand, Burn Spellbooks, Renounce Religion


You were on level 4 of the Dungeon.
You worshipped Trog.
Trog was most pleased with you.
You were very hungry.

You visited 1 branch of the dungeon, and saw 4 of its levels.

You collected 122 gold pieces.

Inventory:

Hand Weapons
 j - a +0 war axe (weapon)
Armour
 b - a +0 animal skin (worn)
Wands
 o - a wand of iceblast (8)
Scrolls
 d - 3 scrolls of remove curse {unknown}
 e - a scroll of enchant armour {unknown}
 f - a scroll of random uselessness {unknown}
 g - a scroll of magic mapping {unknown}
 h - 2 scrolls of identify {unknown}
 i - a scroll of fog {unknown}
 l - 3 scrolls of teleportation {unknown}
 q - a scroll of blinking {unknown}
Potions
 a - a potion of flight {unknown}
 k - a potion of haste {unknown}
 m - a potion of curing {unknown}
 n - a potion of resistance {unknown}
 p - a potion of ambrosia {unknown}
 r - a potion of cancellation {unknown}
 s - a potion of heal wounds {unknown}
Comestibles
 c - 5 rations


   Skills:
 + Level 6.6 Fighting
 + Level 6.6 Axes
 - Level 2.4 Armour
 - Level 2.1 Dodging


You had 5 spell levels left.
You didn't know any spells.

Dungeon Overview and Level Annotations

Branches:
Dungeon (4/15)
 Temple: D:4-7

Altars:

Annotations:
D:4 Dowan


Innate Abilities, Weirdness & Mutations

You reflexively headbutt those who attack you in melee.
You have a pair of horns on your head.


Message History

The stone arrow hits you!
* * * LOW HITPOINT WARNING * * *
You closely miss Dowan. Your headbutt misses Dowan. Dowan misses you.
Dowan closely misses you.
You closely miss Dowan. Your headbutt misses Dowan.
Dowan hits you with a dagger of venom.
* * * LOW HITPOINT WARNING * * *
You are poisoned.
You closely miss Dowan. Your headbutt misses Dowan.
You feel sick.
Dowan mumbles some strange words.
Dowan blinks!
You are no longer berserk.
You are exhausted.
You feel yourself slow down.
You hit Dowan.
Dowan is lightly wounded.
You feel sick. Dowan misses you. Dowan gestures at you while chanting.
The stone arrow hits you!
You die...

#
#######.#
#.e@)...#
#.#######
#.# #.#
##.######
#.......#
##...###.#
#.....##<#
##<......#


You could see Dowan.

Vanquished Creatures
  Duvessa (D:4)
  An orc priest (D:3)
  2 orc wizards (D:3)
  6 adders
  An ooze (D:1)
  2 worms
  A dart slug (D:1)
  2 leopard geckos
  16 orcs (D:3)
  8 bats
  6 goblins
  10 hobgoblins
  4 jackals (D:1)
  2 ball pythons
  3 frilled lizards
  7 kobolds
  7 rats
79 creatures vanquished.

Notes
Turn   | Place    | Note
-------+----------+-------------------------------------------
     0 | D:1      | pk666 the Minotaur Berserker began the quest for the Orb.
     0 | D:1      | Reached XP level 1. HP: 19/19 MP: 0/0
    19 | D:1      | Reached XP level 2. HP: 21/27 MP: 1/1
   411 | D:1      | Reached ** piety under Trog
   413 | D:1      | Reached XP level 3. HP: 31/34 MP: 2/2
  1492 | D:2      | Reached skill level 5 in Fighting
  1492 | D:2      | Reached XP level 4. HP: 40/42 MP: 3/3
  1560 | D:3      | Reached skill level 5 in Axes
  1673 | D:3      | Reached XP level 5. HP: 8/49 MP: 4/4
  1981 | D:3      | Reached *** piety under Trog
  2829 | D:4      | Noticed Duvessa
  2829 | D:4      | Noticed Dowan
  2840 | D:4      | Killed Duvessa
  2840 | D:4      | Reached XP level 6. HP: 23/58 MP: 5/5
  2849 | D:4      | Killed from afar by Dowan

Skill      XL: |  1  2  3  4  5 |
---------------+----------------+-----
Fighting       | 4 5 6 |  6.6
Axes           | 4 5 6 |  6.6
Armour         | |  2.4
Dodging        | |  2.1

Action                   |  1- 3 |  4- 6 || total
-------------------------+-------+-------++-------
Melee: Hand axe          |    42 |       ||    42
       Headbutt          |    15 |    13 ||    28
       War axe           |    29 |    94 ||   123
Invok: Berserk           |       |     1 ||     1
  Eat: Chunk             |     2 |     4 ||     6
Armor: Animal skin       |    13 |    10 ||    23
Dodge: Dodged            |    38 |    55 ||    93
